 Dungeon Crawl Stone Soup version 0.18.1-50-g88ac8fd (webtiles) character file.

1210 varam the Cleaver (level 8, -2/71 HPs)
             Began as a Hill Orc Fighter on Oct 12, 2016.
             Was a Follower of Beogh.
             Slain by a gnoll
             ... wielding a cursed +0 spear
              (3 damage)
             ... in a bailey on Oct 13, 2016.
             The game lasted 00:22:29 (5858 turns).

varam the Cleaver (Hill Orc Fighter)                Turns: 5858, Time: 00:22:30

Health: -2/71      AC: 10    Str: 21    XL:     8   Next: 45%
Magic:  10/10      EV:  4    Int:  8    God:    Beogh [*.....]
Gold:   314        SH:  0    Dex: 10    Spells: 0 memorised, 7 levels left

rFire  . . .     SeeInvis .     I - +1 hand axe (flame)
rCold  . . .     Gourm    .     b - +0 scale mail
rNeg   . . .     Faith    +     c - +0 shield
rPois  .         Spirit   .     n - +0 helmet
rElec  .         Dismiss  .     u - +0 cloak
rCorr  .         Reflect  .     (no gloves)
SustAt .         Harm     .     (no boots)
MR     .....                    A - amulet of faith
Stlth  ..........               (no ring)
                                (no ring)

@: held, hasted, very quick, not resistant to hostile enchantments, extremely
unstealthy
A: no striking features
a: Renounce Religion


You were in a bailey.
You worshipped Beogh.
Beogh was aware of your devotion.
You were not hungry.

You visited 1 branch of the dungeon, and saw 7 of its levels.
You also visited: Bailey.

You collected 314 gold pieces.

Inventory:

Hand Weapons
 a - a +0 war axe
 d - a +4 quarterstaff of chaos
 e - a cursed +0 spear
 B - a +1 mace of pain
 I - a +1 hand axe of flaming (weapon)
Missiles
 j - 209 stones
 z - 10 tomahawks (quivered)
Armour
 b - a +0 scale mail (worn)
 c - a +0 shield (worn)
 n - a +0 helmet (worn)
 u - a +0 cloak (worn)
Jewellery
 A - an amulet of faith (around neck)
Wands
 q - a wand of flame (26/48)
 w - a wand of random effects (23/48)
 H - a wand of paralysis (14/24)
 J - a wand of flame (18/48)
 M - a wand of enslavement (1/24)
Scrolls
 h - a scroll of enchant weapon
 m - a scroll of fog
 p - 3 scrolls of remove curse
 y - 4 scrolls of amnesia
 C - 4 scrolls of noise
 E - a scroll of blinking
 F - 3 scrolls of random uselessness
 P - a scroll of torment
Potions
 g - a potion of invisibility {unknown}
 i - a potion of cure mutation {unknown}
 o - a potion of brilliance {unknown}
 v - a potion of flight
 G - 3 potions of agility
 L - a potion of magic {unknown}
Books
 K - a book of Beasts

   Spells                             Type                      Level
   a - Summon Butterflies             Summoning                    1
   b - Call Canine Familiar           Summoning                    3
   c - Summon Ice Beast               Ice/Summoning                4
   d - Summon Mana Viper              Hexes/Summoning              5
   e - Summon Hydra                   Summoning                    7
 N - a book of Ice

   Spells                             Type                      Level
   a - Ice Form                       Ice/Transmutation            4
   b - Metabolic Englaciation         Hexes/Ice                    5
   c - Ozocubu's Refrigeration        Ice                          6
   d - Bolt of Cold                   Conjuration/Ice              6
   e - Freezing Cloud                 Conjuration/Ice/Air          6
   f - Simulacrum                     Ice/Necromancy               6
Comestibles
 f - 4 bread rations
 r - 2 meat rations


   Skills:
 + Level 6.4 Fighting
 + Level 8.3 Axes
 + Level 5.9 Armour
 + Level 4.8 Shields
 + Level 2.8 Evocations


You had 7 spell levels left.
You didn't know any spells.

Dungeon Overview and Level Annotations

Branches:
Dungeon (7/15)
 Temple: D:4-7

Altars:
Ashenzari
Dithmenos
Gozag
Makhleb
Nemelex Xobeh
Ru
Trog
Yredelemnul
The Shining One

Annotations:
D:4 kraedy's ghost, amateur GrWr


Message History

You become entangled in the net!
You see here a throwing net.
You slice into the net.
The gnoll hits you from afar with a spear.
* * * LOW HITPOINT WARNING * * *
The gnoll hits you but does no damage. x2
You slice the net and break free!
The gnoll hits you from afar with a spear.
* * * LOW HITPOINT WARNING * * *
The gnoll hits you but does no damage.
The gnoll hits you from afar with an enchanted spear.
* * * LOW HITPOINT WARNING * * *
The gnoll throws a throwing net.
The throwing net hits you.
You become entangled in the net!
Your magical contamination has completely faded away.
You see here a throwing net.
Drink which item? (? for menu, Esc to quit)
You feel yourself speed up.
The gnoll hits you from afar with an enchanted spear.
You die...

♣≈≈... .≈..# ♣♣.≈..#
♣..≈..# ♣..≈..# ####
♣♣..≈..# #...##
♣♣...≈..######.....##
#♣♣♣.......'...#g..$...#
#∩.))......'.@.ggg.8...+
#♣♣♣.......'...#g..$...#
♣♣...≈..######.....##
♣...≈..# #...## ♣...≈..#
#### ♣♣..≈..# ♣♣.≈..#
♣.≈..# ♣♣≈≈...


You could see 5 gnolls.

Vanquished Creatures
  A water moccasin (D:6)
  A phantom (D:5)
  A giant frog (D:6)
  2 gnoll sergeants (Bailey)
  A scorpion (D:6)
  3 crimson imps
  4 hounds
  A gnoll shaman (Bailey)
  Crazy Yiuf (D:5)
  2 orc wizards (D:6)
  2 centaur skeletons (D:6)
  2 iguanas
  4 worker ants
  Robin (D:2)
  A howler monkey zombie (D:6)
  3 gnolls (Bailey)
  3 adders
  A shadow imp (D:5)
  2 oozes
  3 adder skeletons
  A worm (D:2)
  3 dart slugs
  3 giant geckos
  12 orcs
  5 bats
  4 giant cockroaches
  20 goblins
  11 hobgoblins
  16 jackals
  6 kobolds
  3 quokkas
  A ball python (D:1)
  6 giant newts
  6 rats
136 creatures vanquished.

Notes
Turn   | Place    | Note
--------------------------------------------------------------
     0 | D:1      | varam the Hill Orc Fighter began the quest for the Orb.
     0 | D:1      | Reached XP level 1. HP: 19/19 MP: 1/1
    43 | D:1      | Reached skill level 3 in Axes
    45 | D:1      | Reached XP level 2. HP: 23/26 MP: 2/2
   388 | D:1      | Reached skill level 4 in Axes
  1067 | D:1      | Reached XP level 3. HP: 30/31 MP: 3/3
  1485 | D:2      | Reached skill level 5 in Axes
  1924 | D:2      | Reached XP level 4. HP: 39/39 MP: 4/4
  2412 | D:2      | Noticed Robin
  2444 | D:2      | Killed Robin
  2444 | D:2      | Reached skill level 6 in Axes
  2775 | D:3      | Reached XP level 5. HP: 38/45 MP: 5/5
  2915 | D:3      | Found a bloodstained altar of Trog.
  2918 | D:3      | Found an opulent altar of Gozag.
  2919 | D:3      | Found a shadowy altar of Dithmenos.
  2919 | D:3      | Found a basalt altar of Yredelemnul.
  3053 | D:3      | Found a burning altar of Makhleb.
  3134 | D:3      | Reached skill level 7 in Axes
  3470 | D:4      | Noticed kraedy's ghost (amateur GrWr)
  3514 | D:4      | Noticed a phantom
  3519 | D:5      | Entered Level 5 of the Dungeon
  3773 | D:5      | Became a worshipper of Beogh the Brigand
  3899 | D:5      | Reached XP level 6. HP: 53/53 MP: 6/6
  4074 | D:5      | Noticed a phantom
  4130 | D:5      | Killed a phantom
  4130 | D:5      | Reached skill level 5 in Fighting
  4286 | D:5      | Noticed Crazy Yiuf
  4290 | D:5      | Killed Crazy Yiuf
  4413 | D:6      | Reached XP level 7. HP: 61/61 MP: 7/7
  4475 | D:6      | Reached skill level 1 in Evocations
  4527 | D:6      | Reached skill level 5 in Armour
  4589 | D:6      | Reached * piety under Beogh
  4987 | D:6      | Found a glowing golden altar of the Shining One.
  4991 | D:6      | Found a shattered altar of Ashenzari.
  4996 | D:6      | Found a sparkling altar of Nemelex Xobeh.
  5113 | D:6      | Reached XP level 8. HP: 53/70 MP: 9/9
  5245 | D:7      | Reached skill level 8 in Axes
  5306 | D:7      | Found a sacrificial altar of Ru.
  5369 | D:7      | Found a flagged portal.
  5377 | Bailey   | Entered a bailey
  5748 | Bailey   | HP: 3/70 [gnoll sergeant/enchanted halberd (4)]
  5856 | Bailey   | HP: 3/71 [gnoll/spear (4)]
  5856 | Bailey   | HP: 1/71 [gnoll/enchanted spear (2)]
  5858 | Bailey   | Slain by a gnoll

Skill      XL: |  1  2  3  4  5  6  7  8 |
---------------+-------------------------+-----
Axes           | 3 4 5 6 7 8 |  8.3
Fighting       | 4 5 6 |  6.4
Armour         | 4 5 |  5.9
Evocations     | 2 |  2.8
Shields        | 4 |  4.8

Action                   |  1- 3 |  4- 6 |  7- 9 || total
-------------------------+-------+-------+-------++-------
Melee: War axe           |   116 |   176 |       ||   292
       Mace              |       |     5 |       ||     5
       Hand axe          |       |    49 |   158 ||   207
Throw: Tomahawk          |       |     6 |       ||     6
       Stone             |       |     1 |       ||     1
Invok: Convert to Beogh  |       |     1 |       ||     1
  Use: Scroll            |       |     2 |    10 ||    12
       Potion            |       |     1 |    13 ||    14
  Eat: Chunk             |     3 |     8 |       ||    11
       Bread ration      |       |       |     1 ||     1
       Pizza             |       |       |     1 ||     1
Armor: Scale mail        |    51 |   106 |    61 ||   218
       Skin              |       |       |   145 ||   145
Dodge: Dodged            |    42 |    52 |    64 ||   158
Block: Shield            |    70 |    96 |   178 ||   344
